[Event "Titled Tuesday Blitz April 26 Late 2022"]
[White "Pakleza, Zbigniew"]
[Black "Hirneise, Jens"]
[WhiteFideId "1119290"]
[BlackFideId "24614734"]
[WhiteElo "2467"]
[BlackElo "2359"]
[Result "1-0"]
[Round "08"]
[TimeControl "180+1"]
[Date "2022.04.26"]
[WhiteClock "0:00:09"]
[BlackClock "0:00:19"]

1. d4 d5 2. Bf4 Nf6 3. e3 c5 4. c3 Nc6 5. Nd2 cxd4 6. cxd4 g6 7. Ngf3 Bg7 8. Bd3 O-O 9. h3 Re8 10. O-O Nh5 11. Bh2 e5 12. dxe5 Nxe5 13. Nxe5 Bxe5 14. Bxe5 Rxe5 15. Nf3 Re8 16. Rc1 Qb6 17. Qd2 Nf6 18. Rfd1 Bd7 19. Nd4 h5 20. Rc2 Rac8 21. Rdc1 Rxc2 22. Rxc2 Rc8 23. Rxc8+ Bxc8 24. Qc3 Bd7 25. a3 a6 26. b4 Ba4 27. Ne2 Qc6 28. Qe5 Nd7 29. Qe8+ Nf8 30. Qd8 Kg7 31. Nf4 Bb3 32. Qg5 f6 33. Qg3 g5 34. Nxh5+ Kf7 35. h4 Ne6 36. hxg5 Nxg5 37. Nf4 Qc1+ 38. Kh2 Qc8 39. Qh4 Qg8 40. Bf5 Ke7 41. Qh6 d4 42. exd4 Bf7 43. Qh4 Qb8 44. Qg3 Qd6 45. Ng6+ Bxg6 46. Qxd6+ Kxd6 47. Bxg6 Kd5 48. f4 Ne4 49. Bxe4+ Kxe4 50. Kg3 Kxd4 51. Kf3 Kc3 52. g4 Kb3 53. g5 fxg5 54. fxg5 Kxa3 55. g6 1-0


[Site "https://www.chess.com"]

[Event "Titled Tuesday Blitz April 26 Late 2022"]
[White "Pasti, Aron"]
[Black "Licznerski, Lukasz"]
[WhiteFideId "785857"]
[BlackFideId "1179250"]
[WhiteElo "2133"]
[BlackElo "2422"]
[Result "0-1"]
[Round "08"]
[TimeControl "180+1"]
[Date "2022.04.26"]
[WhiteClock "0:00:01"]
[BlackClock "0:00:02"]

1. e4 c6 2. d4 d5 3. Nc3 dxe4 4. Nxe4 Nd7 5. Qe2 Ndf6 6. c3 Nxe4 7. Qxe4 Nf6 8. Qc2 Qd5 9. Nf3 Bf5 10. Qb3 O-O-O 11. Bc4 Qe4+ 12. Be3 Ng4 13. O-O Nxe3 14. fxe3 e6 15. Rae1 Bd6 16. g3 Qg4 17. Qd1 Be4 18. Bd3 Bxd3 19. Qxd3 h5 20. e4 e5 21. Kh1 f6 22. d5 cxd5 23. exd5 Rhe8 24. Re4 Qd7 25. Nh4 Kb8 26. b4 Rc8 27. a3 Red8 28. c4 Bf8 29. Ng6 Qe8 30. Nxf8 Qxf8 31. c5 Qf7 32. d6 Qe6 33. Qe2 g6 34. Re3 Re8 35. a4 Rcd8 36. a5 a6 37. b5 Qd5+ 38. Kg1 Qxc5 39. bxa6 Rxd6 40. Rb1 Rxa6 41. Qxa6 Qxe3+ 42. Kf1 Qf3+ 43. Kg1 Rd8 44. Qb5 Qe3+ 45. Kf1 Qf3+ 46. Kg1 Rc8 47. a6 Qe3+ 48. Kf1 Qf3+ 49. Kg1 Rc2 50. Qxb7+ Qxb7 51. Rxb7+ Ka8 52. Rg7 g5 53. Rf7 Rc6 54. Rh7 Rxa6 55. Rxh5 Kb7 56. h4 gxh4 57. gxh4 Kc6 58. Rh8 Kd5 59. h5 Ke4 60. h6 f5 61. h7 Rh6 62. Kg2 f4 63. Kf2 Rh2+ 64. Kg1 Rh5 65. Kf2 Rh6 66. Ke2 Rh2+ 67. Kf1 Kf3 68. Kg1 Rh6 69. Re8 Rxh7 70. Rxe5 Ra7 71. Re8 Ra1+ 72. Kh2 Kf2 0-1


[Site "https://www.chess.com"]

[Event "Titled Tuesday Blitz April 26 Late 2022"]
[White "Pesotskiy, Mikhail"]
[Black "Needleman, Alejandro"]
[WhiteFideId "34164453"]
[BlackFideId "100730"]
[WhiteElo "2010"]
[BlackElo "2355"]
[Result "1-0"]
[Round "08"]
[TimeControl "180+1"]
[Date "2022.04.26"]
[WhiteClock "0:00:28"]
[BlackClock "0:00:33"]

1. d4 c5 2. d5 Nf6 3. c4 b5 4. cxb5 a6 5. bxa6 g6 6. Nc3 Bg7 7. Nf3 O-O 8. e4 Qa5 9. Bd2 d6 10. Nb5 Qb6 11. a7 Nbd7 12. Qc2 Ba6 13. a4 Bxb5 14. Bxb5 Rxa7 15. O-O Rb8 16. Bc3 Ng4 17. Bxg7 Kxg7 18. Qc3+ Kg8 19. Rab1 Nge5 20. Nxe5 Nxe5 21. f4 Ng4 22. Qf3 h5 23. h3 c4+ 24. Kh1 Ne3 25. Rf2 Qd4 26. Re1 Ng4 27. hxg4 hxg4 28. Qe3 Qxe3 29. Rxe3 Kg7 30. g3 Rc7 31. Kg1 Rh8 32. Rh2 Rh3 33. Rxh3 gxh3 34. Kh2 g5 35. Kxh3 gxf4 36. gxf4 Kf6 37. Rc3 Rc8 38. Rxc4 Rg8 39. a5 e5 40. f5 Kg5 41. Kg3 Rb8 42. Rb4 Ra8 43. a6 f6 44. Ra4 Rb8 45. a7 Rxb5 46. a8=Q Rb3+ 47. Kf2 Kf4 48. Ke2 Rxb2+ 49. Kd3 Rb3+ 50. Kc4 Re3 51. Kb5 Rc3 52. Qf8 Rc5+ 53. Kb6 1-0


[Site "https://www.chess.com"]

[Event "Titled Tuesday Blitz April 26 Late 2022"]
[White "Pinheiro, Iung Alicio de O."]
[Black "Aroesti, Roee"]
[WhiteFideId "2104350"]
[BlackFideId "2817144"]
[WhiteElo "2479"]
[BlackElo "2068"]
[Result "0-1"]
[Round "08"]
[TimeControl "180+1"]
[Date "2022.04.26"]
[WhiteClock "0:00:19"]
[BlackClock "0:00:20"]

1. c4 e6 2. g3 d5 3. Bg2 c6 4. Qc2 Nf6 5. Nf3 Nbd7 6. O-O Bd6 7. d4 O-O 8. Nc3 b6 9. e4 dxe4 10. Ng5 Bb7 11. Ncxe4 Be7 12. Nxf6+ Nxf6 13. Rd1 h6 14. Nf3 Qc8 15. c5 Rd8 16. Bd2 Nd7 17. b4 a5 18. bxa5 bxc5 19. Rac1 cxd4 20. Nxd4 c5 21. Nf3 Bd5 22. Bc3 Qc6 23. Ne1 Bg5 24. Rb1 Bf6 25. h4 Ne5 26. Rb6 Qc7 27. Rdb1 Bxg2 28. Nxg2 Nf3+ 29. Kh1 Bxc3 30. Qxc3 Nd2 31. R1b5 Ne4 32. Qe3 Rd1+ 33. Kh2 Nd2 34. Ne1 Nf1+ 0-1


[Site "https://www.chess.com"]

[Event "Titled Tuesday Blitz April 26 Late 2022"]
[White "Prohorov, Olexandr"]
[Black "Karttunen, Mika"]
[WhiteFideId "14105578"]
[BlackFideId "502081"]
[WhiteElo "1993"]
[BlackElo "2343"]
[Result "1-0"]
[Round "08"]
[TimeControl "180+1"]
[Date "2022.04.26"]
[WhiteClock "0:00:19"]
[BlackClock "0:00:10"]

1. e4 e6 2. Nf3 d5 3. e5 Bd7 4. d4 c5 5. dxc5 Bxc5 6. Bd3 h6 7. O-O Nc6 8. Qe2 Nge7 9. a3 a5 10. Bf4 O-O 11. c4 dxc4 12. Bxc4 Nd5 13. Bg3 Nd4 14. Nxd4 Bxd4 15. Rd1 Qb6 16. Bxd5 exd5 17. Nc3 Bxc3 18. bxc3 Be6 19. Bf4 Rfc8 20. Be3 Qc6 21. Bd4 b5 22. Rab1 Rab8 23. Rb2 Bf5 24. g4 Bg6 25. h4 Qc4 26. Qe3 b4 27. axb4 axb4 28. cxb4 Rxb4 29. Rxb4 Qxb4 30. e6 Qe7 31. exf7+ Qxf7 32. f3 Re8 33. Qf2 Qe6 34. h5 Bh7 35. Ra1 Qd7 36. Ra7 Qe6 37. Rxg7+ Kf8 38. Rxh7 Rc8 39. Rh8+ Kf7 40. Rxc8 Qxc8 41. Qd2 Qc4 42. Qf4+ Ke8 43. Qe5+ Kd7 44. Qg7+ Kc6 45. Qxh6+ Kb5 46. Qd2 Ka6 47. Kg2 Kb7 48. h6 Qc7 49. Qb2+ Ka8 50. Qa3+ Kb7 51. Qb4+ Ka8 52. Qc5 Qg7 53. Bxg7 1-0


[Site "https://www.chess.com"]

[Event "Titled Tuesday Blitz April 26 Late 2022"]
[White "Rastbod, Ali"]
[Black "Le Goff, Ronan"]
[WhiteFideId "12567477"]
[BlackFideId "612073"]
[WhiteElo "2147"]
[BlackElo "2276"]
[Result "1-0"]
[Round "08"]
[TimeControl "180+1"]
[Date "2022.04.26"]
[WhiteClock "0:00:07"]
[BlackClock "0:00:15"]

1. e4 e5 2. Nf3 Nc6 3. Nc3 Nf6 4. d4 exd4 5. Nxd4 Nxe4 6. Nxe4 Qe7 7. f3 d5 8. Bb5 Bd7 9. Bxc6 bxc6 10. O-O dxe4 11. Re1 O-O-O 12. Rxe4 Qb4 13. Nb3 Qb7 14. Be3 f5 15. Rd4 Bd6 16. Qd2 h6 17. Rd1 Rhe8 18. Bf4 c5 19. Bxd6 cxd4 20. Bc5 Bb5 21. Nxd4 Re2 22. Qf4 g6 23. b4 Rxc2 24. Re1 Rxc5 25. bxc5 Qd5 26. Ne6 Rd7 27. Qxh6 Kb7 28. c6+ Qxc6 29. Qf8 Qc3 30. Rb1 Qe3+ 31. Kh1 Qxe6 32. Rxb5+ Ka6 33. Rb1 Qb6 34. Rxb6+ Kxb6 35. h3 1-0


[Site "https://www.chess.com"]

[Event "Titled Tuesday Blitz April 26 Late 2022"]
[White "Remolar Gallen, Jose"]
[Black "Yanayt, Eugene"]
[WhiteFideId "2215187"]
[BlackFideId "2020165"]
[WhiteElo "2205"]
[BlackElo "2046"]
[Result "1/2-1/2"]
[Round "08"]
[TimeControl "180+1"]
[Date "2022.04.26"]
[WhiteClock "0:00:08"]
[BlackClock "0:00:04"]

1. d4 Nf6 2. c4 g6 3. Nc3 Bg7 4. e4 d6 5. Be2 O-O 6. Be3 Na6 7. h4 h5 8. Nh3 e5 9. d5 Ng4 10. Bxg4 Bxg4 11. f3 Bd7 12. Qd2 c6 13. Ng5 cxd5 14. cxd5 b5 15. O-O b4 16. Ne2 Qa5 17. a3 Bb5 18. Rfc1 Rfb8 19. Kf2 Bf6 20. g4 hxg4 21. fxg4 Bd7 22. axb4 Qb5 23. Nc3 Qb7 24. b5 Nc7 25. b6 axb6 26. Kg3 b5 27. Rxa8 Rxa8 28. Rf1 Ne8 29. h5 gxh5 30. Qh2 Bxg4 31. Rf5 b4 32. Nd1 Bxd1 33. Nf3 Bxf3 34. Kxf3 Qe7 35. Qxh5 Ng7 36. Qg4 Kf8 37. Bh6 Ra2 38. Qg2 Ra1 39. Rh5 Rd1 40. Be3 Kg8 41. Rh6 Rd3 42. Ke2 Rxe3+ 43. Kxe3 Bg5+ 44. Kf3 Bxh6 45. Qh3 Qf6+ 46. Ke2 Qf4 47. Qc8+ Kh7 48. Qd7 Qe3+ 49. Kd1 Bf4 50. Kc2 Qd2+ 51. Kb3 Qd3+ 52. Kxb4 Qxe4+ 53. Kb5 Qxd5+ 54. Kb6 Qc5+ 55. Kb7 Qb4+ 56. Kc7 Qc5+ 57. Kd8 Ne6+ 58. Ke7 Bg5+ 59. Kxf7 Qf2+ 60. Kxe6+ Kg6 61. Qe8+ Kh6 62. Qh8+ Kg6 63. Qg8+ Kh5 64. Qh7+ Kg4 65. Kxd6 Qd4+ 66. Ke6 Qxb2 67. Qf5+ Kh5 68. Qxe5 Qb6+ 69. Kf5 Qf2+ 70. Ke6 Qb6+ 71. Kd5 Qb5+ 72. Ke4 Qc4+ 73. Qd4 Qe2+ 74. Kd5 Qf3+ 75. Kc5 Qf5+ 76. Kc4 Qe6+ 77. Kd3 Qf5+ 78. Qe4 Qf1+ 79. Qe2+ Qxe2+ 80. Kxe2 1/2-1/2


[Site "https://www.chess.com"]

[Event "Titled Tuesday Blitz April 26 Late 2022"]
[White "Romanchuk, Viktor"]
[Black "Lin, Dachey"]
[WhiteFideId "14109271"]
[BlackFideId "2029650"]
[WhiteElo "2242"]
[BlackElo "2313"]
[Result "0-1"]
[Round "08"]
[TimeControl "180+1"]
[Date "2022.04.26"]
[WhiteClock "0:00:19"]
[BlackClock "0:01:23"]

1. d4 g6 2. c4 Bg7 3. Nf3 f5 4. g3 Nf6 5. Bg2 O-O 6. b3 d6 7. Bb2 Nc6 8. d5 Nb8 9. O-O a5 10. Nc3 Ne4 11. Qc2 Na6 12. Nxe4 Nb4 13. Qc1 fxe4 14. Bxg7 exf3 15. Bxf8 fxg2 16. Kxg2 Qxf8 17. a3 Na6 18. e4 Nc5 19. Qc2 a4 20. b4 Nb3 21. Rad1 e5 22. dxe6 Bxe6 23. f3 Qh6 24. Rf2 Rf8 25. c5 dxc5 26. bxc5 Qe3 27. c6 b5 28. Rd3 Qe1 29. Qb2 Nc5 30. Rdd2 Qe3 31. Qe5 Bc4 32. Qxc7 Nd3 33. Qd7 Ne1+ 34. Kh3 Qh6+ 35. Kg4 Qh5# 0-1


[Site "https://www.chess.com"]

[Event "Titled Tuesday Blitz April 26 Late 2022"]
[White "Rosen, Eric"]
[Black "Alinasab, Mobina"]
[WhiteFideId "2032562"]
[BlackFideId "12528897"]
[WhiteElo "2362"]
[BlackElo "2031"]
[Result "1-0"]
[Round "08"]
[TimeControl "180+1"]
[Date "2022.04.26"]
[WhiteClock "0:00:36"]
[BlackClock "0:00:37"]

1. e4 c5 2. Nc3 d6 3. d4 cxd4 4. Qxd4 Nc6 5. Qd2 g6 6. b3 Bg7 7. Bb2 Nf6 8. O-O-O O-O 9. f3 Qa5 10. Kb1 Be6 11. g4 Rfc8 12. Nge2 Nd7 13. h4 Nb4 14. a3 Nc6 15. h5 b5 16. hxg6 fxg6 17. Nxb5 Qxd2 18. Rxd2 Bxb2 19. Kxb2 a6 20. Nbd4 Nxd4 21. Nxd4 Bf7 22. Rdh2 e5 23. Ne2 Nf8 24. Nc3 h6 25. Rxh6 Kg7 26. R6h2 Ne6 27. Rh7+ Kf8 28. Rh8+ Kg7 29. R1h7+ Kf6 30. Nd5+ Kg5 31. Rxc8 1-0


[Site "https://www.chess.com"]

[Event "Titled Tuesday Blitz April 26 Late 2022"]
[White "Rozman, Levy"]
[Black "Fiol, Fabrice"]
[WhiteFideId "2039877"]
[BlackFideId "611670"]
[WhiteElo "2376"]
[BlackElo "2452"]
[Result "1/2-1/2"]
[Round "08"]
[TimeControl "180+1"]
[Date "2022.04.26"]
[WhiteClock "0:00:42"]
[BlackClock "0:00:19"]

1. e4 c5 2. a3 e6 3. b4 b6 4. Bb2 Bb7 5. bxc5 bxc5 6. Nc3 Nc6 7. Nf3 d6 8. Bb5 Nf6 9. O-O a6 10. Bxc6+ Bxc6 11. e5 Nd5 12. Re1 Nxc3 13. Bxc3 d5 14. d4 c4 15. Bb4 Bxb4 16. axb4 Qb6 17. c3 a5 18. bxa5 Rxa5 19. Rb1 Qa7 20. Qd2 h6 21. Qf4 O-O 22. h4 Rb8 23. Rxb8+ Qxb8 24. g4 Qb2 25. Re3 Ra1+ 26. Kg2 Qc1 27. g5 Qh1+ 28. Kg3 h5 29. g6 Be8 30. Re2 Rg1+ 31. Nxg1 Qxg1+ 32. Kf3 Qh1+ 33. Ke3 Qc1+ 34. Rd2 Qe1+ 35. Kf3 Qh1+ 36. Ke2 fxg6 37. Ra2 Kh7 38. Ra7 Qb1 39. Qf6 Qd3+ 40. Ke1 Qb1+ 41. Kd2 Qd3+ 42. Ke1 Qb1+ 43. Ke2 Qd3+ 44. Ke1 1/2-1/2


[Site "https://www.chess.com"]

[Event "Titled Tuesday Blitz April 26 Late 2022"]
[White "Salimova, Nurgyul"]
[Black "Vovk, Orest"]
[WhiteFideId "2915138"]
[BlackFideId "14113490"]
[WhiteElo "2185"]
[BlackElo "2203"]
[Result "1-0"]
[Round "08"]
[TimeControl "180+1"]
[Date "2022.04.26"]
[WhiteClock "0:00:05"]
[BlackClock "0:00:07"]

1. d4 e5 2. dxe5 Nc6 3. Nf3 Qe7 4. Bg5 Qb4+ 5. Nc3 Qxb2 6. Bd2 Bb4 7. Rb1 Qxc3 8. Bxc3 Bxc3+ 9. Nd2 Nxe5 10. e3 Nf6 11. Rb3 Ba5 12. Rb5 Nc6 13. Bd3 O-O 14. O-O d5 15. c4 a6 16. Rb1 Ne5 17. Be2 Bxd2 18. Qxd2 Nxc4 19. Qd4 b5 20. a4 c6 21. Rfd1 Bf5 22. Rbc1 Rfe8 23. Qc5 Bd7 24. Bd3 Ne4 25. Bxe4 Rxe4 26. Rd4 Re6 27. e4 Rae8 28. f3 Ne3 29. axb5 axb5 30. Rd3 Nc4 31. exd5 Re5 32. h3 Bf5 33. Rd4 Bd7 34. Qa7 R5e7 35. d6 Re1+ 36. Rxe1 Rxe1+ 37. Kf2 Re8 38. Qxd7 Rf8 39. Qxc6 Ne5 40. Qd5 Nc4 41. Qxb5 Nb6 42. Qxb6 1-0


[Site "https://www.chess.com"]

[Event "Titled Tuesday Blitz April 26 Late 2022"]
[White "Sanchez Alvares, Kelvin Antonio"]
[Black "Zhurbinsky, David"]
[WhiteFideId "3906680"]
[BlackFideId "2072904"]
[WhiteElo "2193"]
[BlackElo "2550"]
[Result "1-0"]
[Round "08"]
[TimeControl "180+1"]
[Date "2022.04.26"]
[WhiteClock "0:00:24"]
[BlackClock "0:00:35"]

1. e4 e5 2. Nf3 Nc6 3. d4 exd4 4. Nxd4 Bc5 5. Nxc6 Qf6 6. Qf3 dxc6 7. Qxf6 Nxf6 8. Bd3 Be6 9. Bg5 Ng4 10. f3 Nf2 11. Rf1 Nxd3+ 12. cxd3 f6 13. Bf4 O-O-O 14. Ke2 f5 15. Nc3 fxe4 16. fxe4 Bg4+ 17. Kd2 Rd7 18. h3 Bh5 19. g4 Bg6 20. Kc2 h5 21. g5 Rhd8 22. Rad1 Bd4 23. h4 b6 24. Bc1 Kb7 25. Ne2 Be5 26. Bf4 Bxf4 27. Nxf4 Bf7 28. g6 Be8 29. Rg1 c5 30. b3 b5 31. Rg5 Kc6 32. Ne6 Rb8 33. Nxc5 Rd6 34. Na6 Rbd8 35. Nb4+ Kb7 36. Rdg1 c6 37. e5 Rd4 38. a3 a5 39. Na2 Rxd3 40. Nc3 Rd2+ 41. Kc1 R8d3 42. Ne4 Rd4 43. Nxd2 Rxh4 44. Nf3 Rh3 45. Nd4 Rd3 46. Ne6 Rxb3 47. Nc5+ Kb6 48. Nxb3 Bxg6 49. Rxg6 h4 50. Nd4 a4 51. Rxc6+ Ka5 52. Nxb5 h3 53. Rc2 h2 54. Rxh2 g5 55. Rxg5 Kb6 56. Rc2 Ka5 57. Nd4 Kb6 58. Ne2 Kb7 59. Rg8 Kb6 60. Rg4 Kb7 61. Rb4+ Ka6 62. Rc5 Ka7 63. Ra5# 1-0


[Site "https://www.chess.com"]

[Event "Titled Tuesday Blitz April 26 Late 2022"]
[White "Sarana, Alexey"]
[Black "Kollars, Dmitrij"]
[WhiteFideId "24133795"]
[BlackFideId "12909572"]
[WhiteElo "2666"]
[BlackElo "2584"]
[Result "0-1"]
[Round "08"]
[TimeControl "180+1"]
[Date "2022.04.26"]
[WhiteClock "0:00:10"]
[BlackClock "0:00:06"]

1. d4 Nf6 2. c4 e6 3. Nc3 Bb4 4. e3 O-O 5. Bd3 d5 6. a3 dxc4 7. Bxc4 Be7 8. Nf3 c5 9. O-O a6 10. dxc5 Bxc5 11. b4 Be7 12. Qe2 b5 13. Bd3 Bb7 14. e4 e5 15. Bb2 Nbd7 16. Rad1 Qb6 17. Nh4 Rfe8 18. Nf5 Bf8 19. Bb1 a5 20. bxa5 Rxa5 21. Qf3 Bxa3 22. Nd5 Bxd5 23. Bxa3 b4 24. Bb2 Be6 25. Rd6 Qc7 26. Rfd1 Rc5 27. h4 Rc6 28. R6d2 Nc5 29. Nxg7 Kxg7 30. Qg3+ Kf8 31. Bxe5 Qe7 32. Qg5 Ncd7 33. Bb2 Rc3 34. Qh6+ Kg8 35. Rd4 Kh8 36. Bxc3 bxc3 37. R4d3 Ng8 38. Qe3 Qxh4 39. Rxc3 Ne5 40. Qg3 Qxg3 41. Rxg3 Ne7 42. f4 N5c6 43. f5 Bc4 44. Rc3 Ne5 45. Rd4 Rb8 46. Bc2 Rb4 47. Kf2 N7c6 48. Rd6 Kg7 49. Kg3 h6 50. Kf4 Rb2 51. Rg3+ Kf8 52. Rc3 Rb4 53. Rxh6 Ke7 54. g4 Rb2 55. Rxc6 Nxc6 56. Rxc4 Nb4 57. Ba4 Nd3+ 58. Kg5 Ne5 59. Rc3 Rg2 60. Bd1 Rg1 61. Be2 Rg2 62. Re3 Rf2 63. Bd1 f6+ 64. Kh4 Rf1 65. Be2 Rg1 66. Kh3 Nf7 67. Kh2 Rc1 68. Kg2 Ne5 69. Kg3 Rg1+ 70. Kf2 Rh1 71. Kg2 Re1 72. Kf2 Rh1 73. Bf3 Rh2+ 74. Kg3 Rd2 75. Ra3 Rb2 76. Kf4 Rf2 77. g5 Nxf3 78. Rxf3 fxg5+ 79. Ke3 Rg2 80. e5 g4 81. Rf4 Rg1 82. Ra4 g3 83. Ra7+ Kf8 84. Ra8+ Kf7 85. e6+ Kf6 86. Rf8+ Ke7 87. Rf7+ Ke8 88. Kf3 Kd8 89. Rd7+ Ke8 90. Rf7 Kd8 91. Kg4 Ke8 92. Ra7 Rf1 93. Ra8+ Ke7 94. Ra7+ Ke8 95. Ra8+ Ke7 96. Ra2 Rf2 97. Ra7+ Ke8 98. Ra8+ Ke7 99. Ra7+ Ke8 100. Ra1 g2 101. Rg1 Ke7 102. Kg5 Re2 103. Kg6 Rf2 104. Kg5 Re2 105. Rb1 Rf2 106. Rb7+ Kd6 107. Rd7+ Ke5 108. Kg6 g1=Q+ 109. Kf7 Rxf5+ 110. Ke7 Qg7+ 111. Kd8 Rf8+ 112. Kc7 Qg3 113. e7 Ke6+ 114. Kc6 Rc8+ 115. Kb7 Kxd7 116. e8=Q+ Rxe8 117. Ka7 Rc8 0-1


[Site "https://www.chess.com"]

[Event "Titled Tuesday Blitz April 26 Late 2022"]
[White "Sarkar, Justin"]
[Black "Baches Garcia, Guillermo"]
[WhiteFideId "2010011"]
[BlackFideId "2209764"]
[WhiteElo "2038"]
[BlackElo "2507"]
[Result "1/2-1/2"]
[Round "08"]
[TimeControl "180+1"]
[Date "2022.04.26"]
[WhiteClock "0:00:28"]
[BlackClock "0:01:48"]

1. e4 c5 2. Nf3 d6 3. d4 cxd4 4. Nxd4 Nf6 5. Nc3 Nc6 6. Bg5 e6 7. Qd2 h6 8. Bxf6 gxf6 9. O-O-O a6 10. f4 Bd7 11. Be2 h5 12. Rhf1 Qb6 13. Nb3 O-O-O 14. Rf3 Ne5 15. Rh3 h4 16. Kb1 Ng6 17. f5 Ne5 18. Qe1 Be7 19. Rxh4 Rhg8 20. g3 a5 21. a4 Kb8 22. Rf4 Rc8 23. Bb5 Bxb5 24. Nxb5 Nc4 25. Rf3 Rgd8 26. Rc3 d5 27. exd5 Bb4 1/2-1/2


[Site "https://www.chess.com"]

[Event "Titled Tuesday Blitz April 26 Late 2022"]
[White "Sernecki, Franciszek"]
[Black "Muradli, Mahammad"]
[WhiteFideId "1169297"]
[BlackFideId "13409301"]
[WhiteElo "2165"]
[BlackElo "2611"]
[Result "0-1"]
[Round "08"]
[TimeControl "180+1"]
[Date "2022.04.26"]
[WhiteClock "0:00:05"]
[BlackClock "0:00:41"]

1. d4 d6 2. e4 g6 3. c4 Nf6 4. Nc3 Bg7 5. Bg5 O-O 6. Qd2 c5 7. d5 b5 8. cxb5 a6 9. Nf3 Qa5 10. a4 axb5 11. Bxb5 Nxe4 12. Nxe4 Qxb5 13. axb5 Rxa1+ 14. Ke2 Rxh1 15. Ne1 Rxh2 16. Qa5 Nd7 17. Qc7 Re8 18. Kd1 Rh1 19. b6 Nf6 20. Ng3 Rg1 21. b7 Bxb7 22. Qxb7 Ng4 23. Qd7 Nxf2+ 24. Ke2 Rb8 25. Kxf2 Bd4+ 26. Be3 Bxe3+ 27. Kxe3 Rxe1+ 28. Kf2 Re5 29. b3 Rxb3 30. Qc8+ Kg7 31. Qg4 h5 32. Qc4 Rb2+ 33. Kf3 Rb4 34. Qc3 Rd4 35. Ne2 Rdxd5 36. Nf4 Rd4 37. Ne2 Rde4 38. Ng3 Re3+ 39. Qxe3 Rxe3+ 40. Kxe3 f5 41. Ne2 Kf6 42. Nf4 h4 43. Nd5+ Ke6 44. Nc7+ Ke5 45. Kf3 g5 46. Nb5 e6 47. Nc3 d5 48. Ne2 g4+ 49. Kf2 c4 50. Nc3 d4 51. Ne4 Kxe4 0-1


[Site "https://www.chess.com"]

[Event "Titled Tuesday Blitz April 26 Late 2022"]
[White "Spata, German"]
[Black "Mikhailov, Viacheslav"]
[WhiteFideId "113026"]
[BlackFideId "4187369"]
[WhiteElo "2238"]
[BlackElo "2381"]
[Result "1/2-1/2"]
[Round "08"]
[TimeControl "180+1"]
[Date "2022.04.26"]
[WhiteClock "0:00:06"]
[BlackClock "0:00:02"]

1. Nf3 Nf6 2. e3 g6 3. b3 Bg7 4. Bb2 O-O 5. d4 d6 6. Be2 c5 7. O-O Nc6 8. c4 cxd4 9. Nxd4 Bd7 10. Nc3 Nxd4 11. Qxd4 Bc6 12. Nd5 Bxd5 13. cxd5 Qa5 14. Rfd1 Ne8 15. Qd2 Qxd2 16. Rxd2 Bxb2 17. Rxb2 Nf6 18. Rd1 Rfc8 19. f3 Rc3 20. e4 Rac8 21. Kf2 Nd7 22. Ke1 Ne5 23. Kd2 g5 24. Rf1 R3c5 25. Bd1 a5 26. Rc2 Rxc2+ 27. Bxc2 b5 28. Rc1 b4 29. Bb1 Rxc1 30. Kxc1 Kg7 31. Kd2 h5 32. Ke3 Kf6 33. Bd3 Ng6 34. g3 Ke5 35. Bb5 f5 36. exf5 Kxf5 37. Bd3+ Kf6 38. Bxg6 Kxg6 39. f4 Kf5 40. fxg5 Kxg5 41. h3 Kf5 42. Kd4 Kf6 43. Ke4 Kg5 44. Ke3 Kf5 45. Kd4 Kf6 46. Ke4 Kg5 47. Ke3 1/2-1/2


[Site "https://www.chess.com"]

[Event "Titled Tuesday Blitz April 26 Late 2022"]
[White "Stevens, Christian"]
[Black "Sadovsky, Artem"]
[WhiteFideId "2604450"]
[BlackFideId "4155840"]
[WhiteElo "2561"]
[BlackElo "2314"]
[Result "0-1"]
[Round "08"]
[TimeControl "180+1"]
[Date "2022.04.26"]
[WhiteClock "0:00:01"]
[BlackClock "0:00:50"]

1. Nf3 g6 2. c4 Bg7 3. e4 d6 4. d4 e5 5. dxe5 dxe5 6. Qxd8+ Kxd8 7. Nc3 f6 8. Be3 Be6 9. c5 Nd7 10. O-O-O Bh6 11. Kc2 c6 12. b4 Bxe3 13. fxe3 Nh6 14. h3 Nf7 15. g4 Ke7 16. Nd2 a5 17. a3 axb4 18. axb4 b6 19. cxb6 Nxb6 20. Be2 Ra3 21. Kb2 Rha8 22. Ra1 Na4+ 23. Nxa4 R3xa4 24. Rxa4 Rxa4 25. Kc3 Ra3+ 26. Kc2 Rxe3 27. Bd3 Ng5 28. h4 Nh3 29. Ra1 Bxg4 30. Ra7+ Kd8 31. Rxh7 Nf2 32. Bc4 Nxe4 33. Nxe4 Rxe4 34. Bf7 Bf5 35. Kc3 g5 36. Rh8+ Ke7 37. Bc4 Rxh4 38. Ra8 Be6 39. Ra7+ Kd6 40. Bd3 e4 41. Bc2 e3 42. Ra6 Rc4+ 43. Kd3 e2 44. Ba4 e1=Q 0-1


[Site "https://www.chess.com"]

[Event "Titled Tuesday Blitz April 26 Late 2022"]
[White "Suleymanli, Aydin"]
[Black "Xiong, Jeffery"]
[WhiteFideId "13413937"]
[BlackFideId "2047640"]
[WhiteElo "2481"]
[BlackElo "2727"]
[Result "0-1"]
[Round "08"]
[TimeControl "180+1"]
[Date "2022.04.26"]
[WhiteClock "0:00:01"]
[BlackClock "0:00:53"]

1. e4 c5 2. Nf3 d6 3. d4 cxd4 4. Nxd4 Nf6 5. Nc3 a6 6. a4 g6 7. g3 Bg7 8. Bg2 Bg4 9. f3 Bd7 10. Be3 O-O 11. O-O Nc6 12. h3 Ne5 13. Kh2 Nc4 14. Bc1 Rc8 15. b3 Ne3 16. Bxe3 Rxc3 17. Qd2 Qc7 18. Ra2 Rc8 19. Rc1 b5 20. Ne2 Rc6 21. axb5 axb5 22. f4 e5 23. g4 Bxg4 24. hxg4 Nxg4+ 25. Kg1 Qe7 26. fxe5 Qh4 27. Bf4 Bxe5 28. Rf1 b4 29. Rf3 Bxf4 30. Qxf4 Qe1+ 31. Bf1 Ne5 32. Rf2 Rxc2 33. Ra7 Rf8 34. Nd4 Rxf2 35. Qxf2 Qxe4 36. Bg2 Qb1+ 37. Qf1 Qb2 38. Qf2 Qc1+ 39. Qf1 Qc5 40. Qf2 Qxa7 0-1


[Site "https://www.chess.com"]

[Event "Titled Tuesday Blitz April 26 Late 2022"]
[White "Svane, Frederik"]
[Black "Demchenko, Anton"]
[WhiteFideId "12923044"]
[BlackFideId "4160258"]
[WhiteElo "2459"]
[BlackElo "2539"]
[Result "1-0"]
[Round "08"]
[TimeControl "180+1"]
[Date "2022.04.26"]
[WhiteClock "0:00:07"]
[BlackClock "0:00:02"]

1. e4 e5 2. Nf3 Nc6 3. Bb5 a5 4. Ba4 Nf6 5. O-O d6 6. Re1 Bg4 7. h3 Bxf3 8. Qxf3 Be7 9. c3 O-O 10. d3 Nd7 11. Nd2 Nc5 12. Bc2 Ne6 13. Nf1 Bg5 14. Ne3 a4 15. g3 g6 16. h4 Bh6 17. Bd2 b5 18. Rad1 a3 19. Rb1 axb2 20. Rxb2 b4 21. cxb4 Ncd4 22. Qd1 f5 23. Bb3 Kh8 24. exf5 gxf5 25. Bd5 Bg7 26. a4 c6 27. Bg2 f4 28. Nc4 f3 29. Bh3 Nf4 30. Bf1 Nfe2+ 31. Kh2 d5 32. Ne3 e4 33. dxe4 dxe4 34. Qb1 Rxa4 35. Qxe4 Re8 36. Qb1 Nb5 37. Rc2 Na3 38. Qb3 Nxc2 39. Qxc2 Ra3 40. Bxe2 fxe2 41. Rxe2 Qd3 42. Qxc6 Rf8 43. Qc4 Qxc4 44. Nxc4 Rb3 45. Na5 Rb2 46. Nc4 Ra2 47. Kg2 Rc8 48. Ne3 Rd8 49. Nf1 Kg8 50. Kf3 Rf8+ 51. Bf4 Ra3+ 52. Re3 Rxe3+ 53. Kxe3 Re8+ 54. Kd3 Re1 55. Nd2 Kf7 56. Be3 Rc1 57. b5 Rc3+ 58. Ke2 Ke6 59. b6 Kd7 60. Ne4 Rc2+ 61. Kf3 Rb2 62. Nc5+ Kc6 63. Nd3 Rb3 64. Ke4 Bf8 65. Ne5+ Kb7 66. Nd7 Rb4+ 67. Kf3 Be7 68. Nc5+ Kc6 69. Nd3 Rb3 70. Ne5+ Kb7 71. Ke4 Rb4+ 72. Kf5 Rb5 73. Ke6 Bc5 74. Nc4 Bxe3 75. fxe3 Rb4 76. Kd5 Rb1 77. e4 Rd1+ 78. Kc5 Rg1 79. e5 Rxg3 80. e6 1-0


[Site "https://www.chess.com"]

[Event "Titled Tuesday Blitz April 26 Late 2022"]
[White "Svane, Rasmus"]
[Black "Caruana, Fabiano"]
[WhiteFideId "4657101"]
[BlackFideId "2020009"]
[WhiteElo "2645"]
[BlackElo "2744"]
[Result "1/2-1/2"]
[Round "08"]
[TimeControl "180+1"]
[Date "2022.04.26"]
[WhiteClock "0:00:05"]
[BlackClock "0:00:09"]

1. Nf3 d5 2. g3 g6 3. Bg2 Bg7 4. d4 Nf6 5. O-O c6 6. c3 O-O 7. Re1 Ne4 8. Nbd2 Bf5 9. Nh4 e6 10. f3 Nxd2 11. Bxd2 h5 12. e4 dxe4 13. fxe4 Bg4 14. Qb3 Nd7 15. h3 g5 16. Nf3 Bxf3 17. Bxf3 g4 18. hxg4 Ne5 19. Be2 Nxg4 20. Qd1 Bxd4+ 21. Kg2 Be3 22. Bxg4 Bxd2 23. Re2 Bxc3 24. Bxh5 Be5 25. Rd2 Qg5 26. Qg4 Qxg4 27. Bxg4 Kg7 28. Rd7 Rad8 29. Rad1 Rxd7 30. Rxd7 Kg6 31. Rxb7 Rd8 32. Be2 Rd2 33. Kf3 a5 34. Rb6 Bxb2 35. Rxc6 Bd4 36. Rc4 Kf6 37. Ra4 Bb6 38. Bc4 Rf2+ 39. Kg4 Bc7 40. Ra3 Rd2 41. Rf3+ Kg7 42. Bb3 Rd4 43. Re3 a4 44. Bc2 Bd6 45. Kf3 Rc4 46. Bd1 Be5 47. Rd3 Rb4 48. Ra3 Rb2 49. Bxa4 Rd2 50. Bb5 Bd6 51. Rd3 Rxd3+ 52. Bxd3 Kf6 53. a4 Ke5 54. a5 Bc5 55. a6 Ba7 56. Bb5 f5 57. exf5 exf5 58. Bd3 Bb8 59. Bc2 Kf6 60. Ke3 Kg5 61. Bd1 Ba7+ 62. Kd3 Bb8 63. Kc4 Kf6 64. Kd5 Ba7 65. Kc6 Ke5 66. Bc2 f4 67. g4 f3 68. g5 f2 69. Bd3 f1=Q 70. Bxf1 Kf5 71. Kb7 Bd4 72. g6 Kxg6 73. Bd3+ Kf6 74. Kc6 Ke7 75. Kc7 Be3 76. Kb7 Bd4 77. a7 Bxa7 1/2-1/2


[Site "https://www.chess.com"]